 Dungeon Crawl Stone Soup version 0.18-a0-1689-g473dde0 (webtiles) character file.

14769 Eucla the Covert (level 11, -4/47 HPs)
             Began as a Spriggan Enchanter on Apr 5, 2016.
             Was a High Priest of Nemelex Xobeh.
             Slain by a death yak (19 damage)
             ... led by a torpor snail
             ... on level 4 of the Lair of Beasts.
             The game lasted 00:36:48 (12950 turns).

Eucla the Covert (Spriggan Enchanter)              Turns: 12950, Time: 00:36:48

Health: -4/47      AC:  5    Str:  4    XL:     11   Next: 93%
Magic:  4/19       EV: 27    Int: 18    God:    Nemelex Xobeh [*****.]
Gold:   462        SH:  5    Dex: 19    Spells: 4 memorised, 4 levels left

rFire  + . .     SeeInvis +     m - +3 dagger (vamp)
rCold  . . .     Gourm    .     C - +0 troll leather armour
rNeg   . . .     Faith    .     (shield restricted)
rPois  .         Spirit   .     (helmet restricted)
rElec  .         Dismiss  .     t - +0 cloak
rCorr  .         Reflect  +     (gloves unavailable)
SustAt .         Harm     .     (boots unavailable)
MR     +....                    u - +5 amulet of reflection
Stlth  +++++++...               n - ring of wizardry
                                H - ring of protection from fire

@: cleaving, very quick, somewhat resistant to hostile enchantments, extremely
stealthy
A: unfitting armour, see invisible, herbivore 3, speed 3, slow metabolism 2
a: Triple Draw, Deal Four, Stack Five, Renounce Religion


You were on level 4 of the Lair of Beasts.
You worshipped Nemelex Xobeh.
Nemelex Xobeh was extremely pleased with you.
You were not hungry.

You visited 3 branches of the dungeon, and saw 14 of its levels.

You collected 519 gold pieces.

Inventory:

Hand Weapons
 m - a +3 vampiric dagger (weapon)
 q - a cursed -1 rapier
Armour
 b - a +1 robe
 t - a +0 cloak (worn)
 C - a +0 troll leather armour (worn)
Jewellery
 n - a ring of wizardry (right hand)
 u - a +5 amulet of reflection (around neck)
 v - an uncursed amulet of magic regeneration
 G - an uncursed ring of sustain attributes
 H - a ring of protection from fire (left hand)
Wands
 i - a wand of iceblast (2/15)
 S - a wand of confusion (28/48)
Scrolls
 e - 7 scrolls of remove curse
 f - 6 scrolls of enchant weapon
 h - a scroll of fog
 l - 2 scrolls of recharging
 o - 2 scrolls of enchant armour
 I - a scroll of identify
 K - 3 scrolls of vulnerability
 R - a scroll of blinking
Potions
 g - 10 potions of curing
 k - 3 potions of berserk rage
 p - a potion of resistance {unknown}
 s - a potion of brilliance {unknown}
 w - a potion of mutation {unknown}
 x - 2 potions of degeneration {unknown}
 z - 2 potions of heal wounds
 A - 2 potions of might
 B - a potion of ambrosia
 D - 2 potions of haste
 E - a potion of invisibility {unknown}
 J - 2 potions of lignification
 O - 2 potions of flight {unknown}
Books
 c - a book of Maledictions

   Spells                             Type                      Level
   a - Corona                         Hexes                        1
   b - Ensorcelled Hibernation        Hexes/Ice                    2
   c - Confuse                        Hexes                        3
   d - Tukima's Dance                 Hexes                        3
   e - Dazzling Spray                 Conjuration/Hexes            3
 r - an Akashic Record

   Spells                             Type                      Level
   a - Dispersal                      Translocation                6
   b - Malign Gateway                 Summoning/Translocation      7
   c - Disjunction                    Translocation                8
   d - Controlled Blink               Translocation                8
Miscellaneous
 a - an ornate deck of war
 j - an ornate deck of destruction
 y - a legendary deck of war
 M - a plain deck of war {drawn: 3}
Comestibles
 d - 6 bread rations


   Skills:
 - Level 4.7 Short Blades
 - Level 12.8 Dodging
 - Level 14.3 Stealth
 - Level 2.6 Spellcasting
 + Level 12.7 Hexes
 + Level 3.6 Ice Magic
 - Level 10.3 Evocations


You had 4 spell levels left.
You knew the following spells:

 Your Spells              Type           Power        Failure   Level  Hunger
a - Dazzling Spray        Conj/Hex       ####....     3%          3    ###....
b - Ensorcelled Hibernat  Hex/Ice        ####..       1%          2    ##.....
c - Confuse               Hex            #####...     1%          3    ###....
d - Tukima's Dance        Hex            #####...     1%          3    ###....


Dungeon Overview and Level Annotations

Branches:
Dungeon (9/15)             Temple (1/1) D:4            Lair (4/8) D:8
  Swamp: Lair:3-6    Shoals: Lair:3-6     Snake: Lair:3-6    Spider: Lair:3-6
    Orc: D:9-12

Altars:
Ashenzari
Cheibriados
Dithmenos
Elyvilon
Fedhas
Gozag
Kikubaaqudgha
Makhleb
Nemelex Xobeh
Okawaru
Pakellas
Qazlal
Ru
Trog
Vehumet
Xom
Yredelemnul
Zin
The Shining One

Shops:
D:8 :


Innate Abilities, Weirdness & Mutations

You are tiny and cannot use many weapons and most armour.
You have supernaturally acute eyesight.
You are a herbivore.
You cover ground extremely quickly.
You need consume almost no food.


Message History

The death yak is almost dead.
Your centaur barely misses the death yak.
The death yak gores you.
* * * LOW HITPOINT WARNING * * *
Unknown command.
You hit the death yak but do no damage.
The death yak is almost dead.
Your centaur barely misses the death yak.
Unknown command.
You hit the death yak.
The death yak is almost dead.
Your centaur hits the death yak but does no damage.
You block the death yak's attack.
Unknown command.
You hit the death yak.
The death yak is almost dead.
Your centaur barely misses the death yak.
The death yak gores you!!
You die...
Your body glows with a rainbow of weird colours and disappears.

#...............#
#........
..........#.....##
##.......
.................#
##......
.......#........##
#......
..............P.#
#......
.../........)PP.#
#......
..............P##
#..†#..
Y#...[...P...P####
##......
.####....##...cY@#
#..###.. .#
###.#####.####
#### ##. ## ###
#.## #P ## ### ##
.## ## Y.# ######)
..##### #.#>#..
...##.# ##.##..
...>.#### #.....


You could see a death yak and a friendly centaur.

Vanquished Creatures
  Urug (Lair:3)
  A queen ant (Lair:4)
  2 black mambas
  A torpor snail (Lair:4)
  A spiny frog (Lair:3)
  3 komodo dragons
  A troll (D:8)
  Grinder (D:4)
  A polar bear (Lair:2)
  2 blink frogs (Lair:1)
  9 yaks
  A wyvern (D:8)
  A basilisk (Lair:2)
  4 hippogriffs
  8 soldier ants (Lair:4)
  5 water moccasins
  2 porcupines
  2 orc warriors
  3 black bears
  An ice beast (D:7)
  6 ogres
  4 centaurs
  3 wolves (Lair:2)
  9 crocodiles
  Blork the orc (D:4)
  7 giant frogs
  A gnoll sergeant (D:3)
  3 scorpions
  A water moccasin skeleton (D:7)
  4 killer bees (D:7)
  A howler monkey (D:4)
  An electric eel (Lair:2)
  2 crimson imps
  3 lava snakes (Lair:4)
  A quasit (D:7)
  3 hounds
  Crazy Yiuf (D:2)
  An orc priest (D:8)
  A giant frog skeleton (D:4)
  4 gnoll shamans (D:3)
  A centaur skeleton (D:6)
  Terence (D:2)
  5 iguanas
  16 orc wizards
  25 worker ants
  14 adders
  31 gnolls (D:3)
  22 river rats
  2 shadow imps
  6 oozes
  An adder skeleton (D:8)
  2 worms
  A dart slug (D:1)
  3 giant geckos
  20 orcs
  3 ball pythons
  13 bats
  9 giant cockroaches
  9 goblins
  3 hobgoblins
  26 jackals
  5 quokkas
  A giant gecko skeleton (D:8)
  4 giant newts
  8 kobolds
  A quokka skeleton (D:7)
  A quokka zombie (D:7)
  15 rats
355 creatures vanquished.

Vanquished Creatures (collateral kills)
  A hydra (Lair:3)
  Joseph (Lair:1)
  3 blink frogs (Lair:1)
  A spriggan (Lair:2)
  A hippogriff (Lair:3)
  2 gnolls (D:3)
  3 river rats (Lair:1)
12 creatures vanquished.

Vanquished Creatures (others)
  A komodo dragon (Lair:1)
  4 dancing weapons (D:3)
  A fungus (D:8)
6 creatures vanquished.

Grand Total: 373 creatures vanquished

Notes
Turn   | Place    | Note
--------------------------------------------------------------
     0 | D:1      | Eucla the Spriggan Enchanter began the quest for the Orb.
     0 | D:1      | Reached XP level 1. HP: 9/9 MP: 5/5
     3 | D:1      | Found a runed door.
   147 | D:1      | Reached XP level 2. HP: 13/13 MP: 6/6
   399 | D:1      | Learned a level 2 spell: Ensorcelled Hibernation
   708 | D:1      | Reached skill level 5 in Stealth
   751 | D:1      | Reached XP level 3. HP: 15/16 MP: 8/8
   922 | D:2      | Noticed Terence
   935 | D:2      | Killed Terence
   935 | D:2      | Reached skill level 6 in Stealth
   935 | D:2      | Reached XP level 4. HP: 21/21 MP: 6/9
  1465 | D:2      | Noticed Crazy Yiuf
  1469 | D:2      | Killed Crazy Yiuf
  1469 | D:2      | Reached XP level 5. HP: 24/24 MP: 10/10
  1895 | D:3      | Reached skill level 5 in Dodging
  1900 | D:3      | Reached skill level 5 in Hexes
  1955 | D:3      | Reached XP level 6. HP: 28/28 MP: 11/11
  2306 | D:3      | Learned a level 3 spell: Confuse
  2310 | D:3      | Learned a level 3 spell: Tukima's Dance
  2453 | D:3      | Reached skill level 7 in Stealth
  3088 | D:3      | Reached XP level 7. HP: 32/32 MP: 9/12
  3630 | D:3      | Reached skill level 8 in Stealth
  4401 | D:4      | Found a staircase to the Ecumenical Temple.
  4478 | Temple   | Entered the Ecumenical Temple
  4542 | Temple   | Became a worshipper of Nemelex Xobeh the Trickster
  4577 | D:4      | Received a gift from Nemelex Xobeh
  4607 | D:4      | Noticed Blork the orc
  4630 | D:4      | Killed Blork the orc
  4630 | D:4      | Reached skill level 1 in Evocations
  4697 | D:4      | Found a stormy altar of Qazlal.
  5000 | D:4      | Reached XP level 8. HP: 36/36 MP: 10/13
  5063 | D:4      | Noticed Grinder
  5070 | D:4      | Killed Grinder
  5070 | D:4      | Reached skill level 9 in Stealth
  5076 | D:4      | Reached * piety under Nemelex Xobeh
  5339 | D:5      | Entered Level 5 of the Dungeon
  5625 | D:5      | Received a gift from Nemelex Xobeh
  6212 | D:6      | Reached skill level 10 in Stealth
  6253 | D:6      | Reached ** piety under Nemelex Xobeh
  6382 | D:6      | Found an oddly glowing altar of Pakellas.
  6548 | D:7      | Found a glowing silver altar of Zin.
  6624 | D:7      | Found a basalt altar of Yredelemnul.
  6693 | D:7      | Reached XP level 9. HP: 39/39 MP: 14/14
  6838 | D:7      | Reached skill level 5 in Evocations
  6848 | D:7      | Found a white marble altar of Elyvilon.
  6923 | D:7      | You fall through a shaft!
  7219 | D:8      | Found a staircase to the Lair.
  7239 | D:8      | Reached skill level 11 in Stealth
  7445 | D:8      | Found a snail-covered altar of Cheibriados.
  7461 | D:8      | Reached *** piety under Nemelex Xobeh
  7474 | D:8      | Found a blossoming altar of Fedhas.
  7474 | D:8      | Found a bloodstained altar of Trog.
  7474 | D:8      | Found a glowing golden altar of the Shining One.
  7474 | D:8      | Found a shadowy altar of Dithmenos.
  7476 | D:8      | Found a shattered altar of Ashenzari.
  7477 | D:8      | Found a burning altar of Makhleb.
  7479 | D:8      | Found an iron altar of Okawaru.
  7980 | D:8      | Found Deysioch's Book Boutique.
  7998 | D:8      | Noticed a troll
  8008 | D:8      | Reached skill level 10 in Dodging
  8014 | D:8      | Killed a troll
  8023 | D:8      | Identified a scroll of acquirement
  8076 | D:8      | Received a gift from Nemelex Xobeh
  8300 | D:8      | Reached XP level 10. HP: 44/44 MP: 13/16
  8310 | D:8      | Found a radiant altar of Vehumet.
  8561 | D:7      | Reached skill level 12 in Stealth
  9286 | Lair:1   | Entered Level 1 of the Lair of Beasts
  9286 | Lair:1   | Received a gift from Nemelex Xobeh
  9426 | Lair:1   | Reached **** piety under Nemelex Xobeh
  9433 | Lair:1   | Reached skill level 10 in Hexes
  9457 | Lair:1   | Noticed a black mamba
  9464 | Lair:1   | Killed a black mamba
  9528 | Lair:1   | Received a gift from Nemelex Xobeh
  9711 | Lair:1   | Reached skill level 13 in Stealth
  9740 | Lair:1   | Noticed Joseph
  9766 | Lair:1   | Killed Joseph
 10323 | Lair:2   | Reached XP level 11. HP: 39/47 MP: 14/19
 10745 | Lair:2   | Reached skill level 14 in Stealth
 11070 | Lair:3   | Reached ***** piety under Nemelex Xobeh
 11106 | Lair:3   | Noticed Urug
 11111 | Lair:3   | Received a gift from Nemelex Xobeh
 11135 | Lair:3   | Killed Urug
 11135 | Lair:3   | Reached skill level 10 in Evocations
 11281 | Lair:3   | Noticed a five-headed hydra
 11290 | Lair:3   | Killed a five-headed hydra
 11637 | Lair:4   | Noticed a queen ant
 11667 | Lair:4   | Reached skill level 1 in Ice Magic
 11680 | Lair:4   | Killed a queen ant
 12467 | Lair:4   | Received a gift from Nemelex Xobeh
 12505 | Lair:4   | Noticed a death yak
 12645 | Lair:4   | Learned a level 3 spell: Dazzling Spray
 12950 | Lair:4   | Slain by a death yak

Vault maps used:
D:1:      dpeg_arrival_caged_fury
D:2:      first_bread, kennysheep_generic_room_15, uniq_crazy_yiuf_cottage,
          uniq_terence
D:3:      lemuel_castle_with_subvaults
D:4:      minmay_temple_entry_statues, minmay_misc_feat_tower,
          grunt_ministairs_14, grunt_qazlal_clouds, uniq_blork_the_orc,
          uniq_grinder
D:6:      grunt_pakellas_basics
D:7:      minmay_flawed_box, kennysheep_ying_yang, zin_academy
D:8:      minitemple, nicolae_overflow_hidden_temple,
          grunt_lair_entry_orc_guard_hut, serial_shops,
          nicolae_shop_window_shopping, grunt_ogre_cave, lemuel_tele_altar
D:9:      uniq_prince_ribbit1
Temple:   temple_eino_lava_8
Lair:1:   uniq_joseph
Lair:2:   forest_entry_grove, grunt_megastairs_3, serial_bayou_shore_a
Lair:3:   minivault_26, uniq_urug
Lair:4:   cheibrodos_magma_flow, zaba_antful_of_joy

Skill      XL: |  1  2  3  4  5  6  7  8  9 10 11 |
---------------+----------------------------------+-----
Stealth        | 5 6 7 8 10 11 13 14 | 14.3
Short Blades   | 2 3 4 |  4.7
Dodging        | 4 5 6 8 10 11 12 | 12.8
Hexes          | 4 5 6 7 9 10 12 | 12.7
Evocations     | 1 4 7 9 10 | 10.3
Ice Magic      | 3 |  3.6
Spellcasting   | |  2.6

Action                   |  1- 3 |  4- 6 |  7- 9 | 10-12 || total
-------------------------+-------+-------+-------+-------++-------
Melee: Dagger            |   132 |   225 |   483 |   416 ||  1256
 Cast: Ensorcelled Hiber |     1 |    47 |   104 |   130 ||   282
       Tukima's Dance    |       |     3 |    10 |     1 ||    14
       Confuse           |       |     2 |     6 |     8 ||    16
       Corona            |       |     1 |       |       ||     1
       Dazzling Spray    |       |       |       |     7 ||     7
Evoke: Deck              |       |       |     6 |    26 ||    32
  Use: Scroll            |       |       |    17 |     8 ||    25
 Stab: Sleeping          |    12 |    33 |    70 |    97 ||   212
       Distracted        |     1 |     3 |     1 |     3 ||     8
       Confused          |       |       |     3 |     6 ||     9
       Invisible         |       |       |       |     7 ||     7
  Eat: Bread ration      |     1 |       |     1 |     2 ||     4
       Fruit             |       |     6 |       |       ||     6
       Pizza             |       |     1 |     1 |       ||     2
       Royal jelly       |       |       |     1 |       ||     1
